DALLAS Stars vs NEW YORK Islanders

Created - 11 mars 2024 at 20:37

Goals
1 2 3 T
DALLAS Stars 0 2 1 3
NEW YORK Islanders 2 2 0 4
Shots
1 2 3 T
DALLAS Stars 2 10 6 18
NEW YORK Islanders 10 12 9 31

1st period

1. NEW YORK Islanders , Lucas Raymond 14 (Dillon Dube 25, Jacob Trouba 27) at 13:30 (PP)
2. NEW YORK Islanders , Michael McLeod 5 (Sean Kuraly 6, Erik Cernak 27) at 18:08

Penalties :
Nino Niederreiter (NYI) for Hooking (Minor) at 4:39, Juuso Valimaki (DAL) for Holding (Minor) at 12:48, Marc-Edouard Vlasic (DAL) for Roughing (Minor) at 15:55

2nd period

3. NEW YORK Islanders , Victor Olofsson 7 (Jesper Fast 12, Ilya Lyubushkin 12) at 2:09
4. DALLAS Stars , Nicklas Backstrom 7 (Sean Walker 12) at 3:20
5. DALLAS Stars , Juuso Valimaki 6 (Jesperi Kotkaniemi 23) at 11:30
6. NEW YORK Islanders , Kirby Dach 8 (Braden Schneider 9, Victor Olofsson 11) at 18:59

Penalties :
No Penalty

3rd period

7. DALLAS Stars , Viktor Arvidsson 20 (Peyton Krebs 29) at 0:09

Penalties :
Lucas Raymond (NYI) for Holding (Minor) at 17:54

Goalie Stats

Carter Hart (DAL), 11 saves from 13 shots - (0,846), L, 12-10-4, 20:51 minutes
Matthew Villalta (DAL), 16 saves from 18 shots - (0,889), 38:59 minutes
Ilya Sorokin (NYI), 15 saves from 18 shots - (0,833), W, 27-17-2, 60:00 minutes

Players Stats for DALLAS Stars

Player Name              G  A  P  +/- PIM S  H  SB GA TA FO     MP     PP MP  PK MP  
------------------------------------------------------------------------------------
Alexander Radulov        0  0  0   0  0   1  1  0  0  0  7/11    9:46   2:37   0:30 
Aliaksei Protas          0  0  0   1  0   0  1  0  0  0  0/0    14:18   2:37   1:16 
Andreas Johnsson         0  0  0   0  0   1  0  0  0  0  0/0     7:36   0:00   0:00 
Brendan Gallagher        0  0  0   1  0   1  0  0  0  0  0/0    18:36   0:39   0:55 
Cal Clutterbuck          0  0  0   0  0   1  3  0  0  0  0/0     7:36   0:00   0:00 
Conor Timmins            0  0  0  -1  0   0  2  0  0  0  0/0    22:07   2:37   0:34 
Emil Bemstrom            0  0  0   1  0   0  0  0  0  0  0/1    19:40   2:02   0:30 
Jesperi Kotkaniemi       0  1  1   1  0   4  5  0  0  0  12/19  19:39   2:37   0:00 
Juuso Valimaki           1  0  1   0  2   1  11 0  0  0  0/0    22:48   0:45   0:58 
Marc-Edouard Vlasic      0  0  0  -1  2   0  6  1  0  0  0/0    19:27   0:00   0:32 
Nicklas Backstrom        1  0  1   1  0   3  1  0  0  0  0/0    11:37   0:03   0:18 
Patrik Nemeth            0  0  0   1  0   0  1  1  0  0  0/0    14:33   0:03   1:11 
Paul Cotter              0  0  0   1  0   2  1  0  0  0  6/14   11:17   0:00   0:58 
Peyton Krebs             0  1  1  -2  0   2  3  0  0  0  7/18   19:42   1:18   0:00 
Ryan Suter               0  0  0   0  0   1  2  2  0  0  0/0    22:36   1:18   0:18 
Sean Walker              0  1  1   1  0   0  1  2  0  0  0/0    15:50   0:36   1:49 
Sonny Milano             0  0  0  -2  0   0  0  0  0  0  1/2    20:31   1:18   0:55 
Viktor Arvidsson         1  0  1  -2  0   1  0  2  0  0  0/1    19:38   1:20   0:00 

Players Stats for NEW YORK Islanders

Player Name              G  A  P  +/- PIM S  H  SB GA TA FO     MP     PP MP  PK MP  
------------------------------------------------------------------------------------
Braden Schneider         0  1  1   0  0   0  6  0  0  0  0/0    21:35   1:08   1:55 
Dillon Dube              0  1  1  -2  0   2  1  0  0  0  12/21  21:17   1:33   0:00 
Erik Cernak              0  1  1   0  0   1  3  0  0  0  0/0    24:02   1:33   1:52 
Ethan Bear               0  0  0   0  0   0  0  0  0  0  0/0    15:20   1:08   0:00 
Gustav Nyquist           0  0  0   0  0   1  0  0  0  0  0/0    18:53   0:00   2:14 
Ilya Lyubushkin          0  1  1   0  0   0  0  0  0  0  0/0    16:18   0:00   2:06 
Jacob Trouba             0  1  1   0  0   3  1  0  0  0  0/0    24:02   1:33   1:52 
Jesper Fast              0  1  1   1  0   4  1  1  0  0  0/2    12:37   0:00   1:14 
Kirby Dach               1  0  1   1  0   5  0  0  0  0  6/15   13:06   1:08   0:35 
Lucas Raymond            1  0  1   0  2   2  0  0  0  0  0/1    18:17   1:33   0:00 
Michael McLeod           1  0  1   1  0   1  0  0  0  0  4/6     6:43   0:00   1:14 
Nikolaj Ehlers           0  0  0  -2  0   1  1  0  0  0  0/0    21:22   1:08   0:30 
Nino Niederreiter        0  0  0  -2  2   0  1  0  0  0  0/1    21:22   1:33   0:00 
Pius Suter               0  0  0   0  0   1  1  0  0  0  10/16  17:53   1:08   0:00 
Sean Kuraly              0  1  1   1  0   2  0  0  0  0  1/4     7:38   0:00   2:09 
Sebastian D Aho          0  0  0   0  0   2  1  3  0  0  0/0    18:43   0:00   0:11 
Victor Olofsson          1  1  2   1  0   5  0  0  0  0  0/0    11:23   0:00   0:00 
Zack Kassian             0  0  0   1  0   1  0  0  0  0  0/0     5:29   0:00   0:00 

3 Stars

1 - Juuso Valimaki (DAL)
2 - Victor Olofsson (NYI)
3 - Braden Schneider (NYI)

Power Play

DALLAS Stars - 0 on 2 Attempt(s) - 0,00%
NEW YORK Islanders - 1 on 2 Attempt(s) - 50,00%

Penalty Kill

DALLAS Stars - 1 on 2 Attempt(s) - 50,00% - Score 0 goal in Penalty Kill
NEW YORK Islanders - 2 on 2 Attempt(s) - 100,00% - Score 0 goal in Penalty Kill

Team Stat

DALLAS Stars - Hits : 38 - Faceoff Wins : 33 - Blocked Shots : 8 - Penalty Minutes : 4
NEW YORK Islanders - Hits : 16 - Faceoff Wins : 33 - Blocked Shots : 4 - Penalty Minutes : 4

Official

Referees : Jordan Samuels-Thomas and Jacqueline Howard
Linesman : Caleb Apperson and Justine Todd

Game Notes

Carter Hart enters game at 18:08 of 1st period
Matthew Villalta enters game at 18:59 of 2nd period

Finance

Level 1 -- Attendance: 6000 (100,00%) -- Ticket Income $510,000
Level 2 -- Attendance: 4939 (89,80%) -- Ticket Income $246,950
Level 3 -- Attendance: 2818 (93,93%) -- Ticket Income $70,450
Level 4 -- Attendance: 3493 (69,86%) -- Ticket Income $76,846
Luxury Box -- Attendance: 808 (80,80%) -- Ticket Income $173,720
Game was played at the Barclays Center.
Total Attendance: 18058 (88,09%)
Total Ticket Income: $1,077,966
Other Income: $269,492
Total Income: $1,347,458

DALLAS Stars

5 vs 5 Forward 
   Center                   Left Wing                Right Wing               Time % Phy DF OF 
 1 Peyton Krebs             Viktor Arvidsson         Sonny Milano             35     1   2  2  
 2 Jesperi Kotkaniemi       Emil Bemstrom            Brendan Gallagher        30     1   2  2  
 3 Paul Cotter              Nicklas Backstrom        Aliaksei Protas          20     1   2  2  
 4 Alexander Radulov        Andreas Johnsson         Cal Clutterbuck          15     1   2  2  

5 vs 5 Defense 
   Defense                  Defense                                           Time % Phy DF OF 
 1 Juuso Valimaki           Ryan Suter                                        40     1   1  3  
 2 Marc-Edouard Vlasic      Conor Timmins                                     30     1   2  2  
 3 Sean Walker              Patrik Nemeth                                     20     2   2  1  
 4 Conor Timmins            Marc-Edouard Vlasic                               10     1   2  2  

PowerPlay Forward 
   Center                   Left Wing                Right Wing               Time % Phy DF OF 
 1 Jesperi Kotkaniemi       Viktor Arvidsson         Aliaksei Protas          60     1   2  2  
 2 Peyton Krebs             Sonny Milano             Emil Bemstrom            40     1   2  2  

PowerPlay Defense
   Defense                  Defense                                           Time % Phy DF OF 
 1 Juuso Valimaki           Ryan Suter                                        60     1   2  2  
 2 Alexander Radulov        Conor Timmins                                     40     1   1  3  

Penalty Kill 4 Players Forward 
   Center                   Wing                     Time % Phy DF OF 
 1 Paul Cotter              Aliaksei Protas          60     1   2  2  
 2 Sonny Milano             Brendan Gallagher        40     1   2  2  

Penalty Kill 4 Players Defense
   Defense                  Defense                  Time % Phy DF OF 
 1 Marc-Edouard Vlasic      Sean Walker              60     1   2  2  
 2 Conor Timmins            Juuso Valimaki           40     1   2  2  

Penalty Kill - 3 Players Forward 
   Forward                                           Time % Phy DF OF 
 1 Paul Cotter                                       60     1   2  2  
 2 Cal Clutterbuck                                   40     1   2  2  

Penalty Kill - 3 Players Defense
   Defense                  Defense                  Time % Phy DF OF 
 1 Marc-Edouard Vlasic      Ryan Suter               60     1   2  2  
 2 Sean Walker              Juuso Valimaki           40     1   2  2  

4 vs 4 Forward 
   Center                   Wing                     Time % Phy DF OF 
 1 Jesperi Kotkaniemi       Emil Bemstrom            60     1   2  2  
 2 Peyton Krebs             Brendan Gallagher        40     1   2  2  

4 vs 4 Defense
   Defense                  Defense                  Time % Phy DF OF 
 1 Marc-Edouard Vlasic      Juuso Valimaki           60     1   2  2  
 2 Conor Timmins            Ryan Suter               40     1   2  2  

Last Minutes Offensive
   Center                   Left Wing                Right Wing               Defense                  Defense                  
   Peyton Krebs             Jesperi Kotkaniemi       Aliaksei Protas          Conor Timmins            Juuso Valimaki           

Last Minutes Defensive
   Center                   Left Wing                Right Wing               Defense                  Defense                  
   Paul Cotter              Aliaksei Protas          Cal Clutterbuck          Marc-Edouard Vlasic      Ryan Suter               

Goaltenders
Starting : Matthew Villalta         
Backup : Carter Hart              

Extra Forwards
Normal : Aliaksei Protas, Peyton Krebs, Alexander Radulov - PP : Aliaksei Protas, Peyton Krebs - PK : Alexander Radulov
Extra Defensemen
Normal : Sean Walker, Juuso Valimaki, Conor Timmins - PP : Sean Walker - PK : Juuso Valimaki, Conor Timmins
Penalty Shots
Viktor Arvidsson, Jesperi Kotkaniemi, Sonny Milano, Nicklas Backstrom, Peyton Krebs

Scratches
Zach Senyshyn (Healthy)

NEW YORK Islanders

5 vs 5 Forward 
   Center                   Left Wing                Right Wing               Time % Phy DF OF 
 1 Dillon Dube              Nino Niederreiter        Nikolaj Ehlers           40     1   2  2  
 2 Pius Suter               Gustav Nyquist           Lucas Raymond            30     1   2  2  
 3 Kirby Dach               Victor Olofsson          Jesper Fast              20     1   2  2  
 4 Michael McLeod           Sean Kuraly              Zack Kassian             10     1   2  2  

5 vs 5 Defense 
   Defense                  Defense                                           Time % Phy DF OF 
 1 Jacob Trouba             Erik Cernak                                       40     1   2  2  
 2 Sebastian D Aho          Braden Schneider                                  30     1   2  2  
 3 Ilya Lyubushkin          Ethan Bear                                        20     1   2  2  
 4 Erik Cernak              Jacob Trouba                                      10     1   2  2  

PowerPlay Forward 
   Center                   Left Wing                Right Wing               Time % Phy DF OF 
 1 Dillon Dube              Lucas Raymond            Nino Niederreiter        70     1   2  2  
 2 Pius Suter               Nikolaj Ehlers           Kirby Dach               30     1   2  2  

PowerPlay Defense
   Defense                  Defense                                           Time % Phy DF OF 
 1 Jacob Trouba             Erik Cernak                                       60     1   2  2  
 2 Ethan Bear               Braden Schneider                                  40     1   2  2  

Penalty Kill 4 Players Forward 
   Center                   Wing                     Time % Phy DF OF 
 1 Sean Kuraly              Gustav Nyquist           60     1   2  2  
 2 Michael McLeod           Jesper Fast              40     1   2  2  

Penalty Kill 4 Players Defense
   Defense                  Defense                  Time % Phy DF OF 
 1 Jacob Trouba             Erik Cernak              60     1   2  2  
 2 Braden Schneider         Ilya Lyubushkin          40     1   2  2  

Penalty Kill - 3 Players Forward 
   Forward                                           Time % Phy DF OF 
 1 Pius Suter                                        60     1   2  2  
 2 Sean Kuraly                                       40     1   2  2  

Penalty Kill - 3 Players Defense
   Defense                  Defense                  Time % Phy DF OF 
 1 Jacob Trouba             Erik Cernak              60     1   2  2  
 2 Ilya Lyubushkin          Sebastian D Aho          40     1   2  2  

4 vs 4 Forward 
   Center                   Wing                     Time % Phy DF OF 
 1 Kirby Dach               Nino Niederreiter        60     1   2  2  
 2 Pius Suter               Victor Olofsson          40     1   2  2  

4 vs 4 Defense
   Defense                  Defense                  Time % Phy DF OF 
 1 Jacob Trouba             Erik Cernak              60     1   2  2  
 2 Ilya Lyubushkin          Braden Schneider         40     1   2  2  

Last Minutes Offensive
   Center                   Left Wing                Right Wing               Defense                  Defense                  
   Dillon Dube              Nino Niederreiter        Nikolaj Ehlers           Jacob Trouba             Erik Cernak              

Last Minutes Defensive
   Center                   Left Wing                Right Wing               Defense                  Defense                  
   Pius Suter               Nino Niederreiter        Lucas Raymond            Jacob Trouba             Erik Cernak              

Goaltenders
Starting : Ilya Sorokin             
Backup : Anton Khudobin           

Extra Forwards
Normal : Nikolaj Ehlers, Kirby Dach, Lucas Raymond - PP : Nikolaj Ehlers, Kirby Dach - PK : Sean Kuraly
Extra Defensemen
Normal : Ethan Bear, Jacob Trouba, Braden Schneider - PP : Ethan Bear - PK : Erik Cernak, Sebastian D Aho
Penalty Shots
Nino Niederreiter, Lucas Raymond, Kirby Dach, Nikolaj Ehlers, Victor Olofsson

Scratches
Adam Ruzicka (Healthy), Brett Connolly (Healthy), Jay Beagle (Healthy)

% Time on Ice - DALLAS Stars

Lines # - Real PCT - Wanted PCT - Time Play
Normal Forward
1 - 34% - 35% - 18:18
2 - 32% - 30% - 17:02
3 - 19% - 20% - 10:19
4 - 14% - 15% - 7:36
Normal Defense
1 - 39% - 40% - 21:00
2 - 28% - 30% - 14:40
3 - 25% - 20% - 13:19
4 - 8% - 10% - 4:16
PP Forward
1 - 67% - 60% - 2:40
2 - 33% - 40% - 1:18
PP Defense
1 - 34% - 60% - 1:21
2 - 66% - 40% - 2:37
PK Forward
1 - 66% - 60% - 1:46
2 - 34% - 40% - 0:55
PK Defense
1 - 86% - 60% - 2:19
2 - 14% - 40% - 0:22
PK3 Forward
1 - 0% - 60%
2 - 0% - 40%
PK3 Defense
1 - 0% - 60%
2 - 0% - 40%
44 Forward
1 - 0% - 60%
2 - 0% - 40%
44 Defense
1 - 0% - 60%
2 - 0% - 40%
Last Minute Offensive  - 0:06
Last Minute Defensive  - 0:00
Total
Forward - 60:00
Defense - 60:00

% Time on Ice - NEW YORK Islanders

Lines # - Real PCT - Wanted PCT - Time Play
Normal Forward
1 - 37% - 40% - 19:44
2 - 31% - 30% - 16:39
3 - 21% - 20% - 11:23
4 - 10% - 10% - 5:29
Normal Defense
1 - 35% - 40% - 18:25
2 - 35% - 30% - 18:32
3 - 27% - 20% - 14:12
4 - 4% - 10% - 2:06
PP Forward
1 - 58% - 70% - 1:33
2 - 42% - 30% - 1:08
PP Defense
1 - 58% - 60% - 1:33
2 - 42% - 40% - 1:08
PK Forward
1 - 69% - 60% - 2:44
2 - 31% - 40% - 1:14
PK Defense
1 - 47% - 60% - 1:52
2 - 53% - 40% - 2:06
PK3 Forward
1 - 0% - 60%
2 - 0% - 40%
PK3 Defense
1 - 0% - 60%
2 - 0% - 40%
44 Forward
1 - 0% - 60%
2 - 0% - 40%
44 Defense
1 - 0% - 60%
2 - 0% - 40%
Last Minute Offensive  - 0:00
Last Minute Defensive  - 0:06
Total
Forward - 60:00
Defense - 60:00

Play-by-Play

1st period


0:01 of 1st period - Dillon Dube wins face-off versus Sonny Milano in neutral zone.
0:43 of 1st period - Icing by Viktor Arvidsson.
0:44 of 1st period - Peyton Krebs wins face-off versus Pius Suter in DALLAS Stars zone.
1:24 of 1st period - Shot by Brendan Gallagher.
1:24 of 1st period - Shot Misses the Net.
1:26 of 1st period - Shot by Conor Timmins.
1:26 of 1st period - Shot Misses the Net.
1:28 of 1st period - Shot by Emil Bemstrom.
1:28 of 1st period - Shot Blocked by Sebastian D Aho.
1:30 of 1st period - Shot by Brendan Gallagher.
1:30 of 1st period - Shot Misses the Net.
1:34 of 1st period - Shot by Jesperi Kotkaniemi.
1:34 of 1st period - Shot Blocked by Sebastian D Aho.
1:36 of 1st period - Shot by Jesperi Kotkaniemi.
1:36 of 1st period - Shot Hit the Post.
1:47 of 1st period - Sebastian D Aho is hit by Paul Cotter and loses puck.
1:51 of 1st period - Off-side.
1:52 of 1st period - Kirby Dach wins face-off versus Alexander Radulov in neutral zone.
1:52 of 1st period - Ethan Bear is hit by Cal Clutterbuck.
2:09 of 1st period - Shot by Kirby Dach.
2:09 of 1st period - Stopped by Matthew Villalta with a rebound.
2:13 of 1st period - Shot by Victor Olofsson.
2:13 of 1st period - Shot Blocked by Sean Walker.
2:15 of 1st period - Shot by Jesper Fast.
2:15 of 1st period - Shot Blocked by Sean Walker.
2:17 of 1st period - Shot by Jesper Fast.
2:17 of 1st period - Shot Misses the Net.
2:23 of 1st period - Shot by Kirby Dach.
2:23 of 1st period - Shot Misses the Net.
2:25 of 1st period - Shot by Victor Olofsson.
2:25 of 1st period - Shot Misses the Net.
2:36 of 1st period - Shot by Kirby Dach.
2:36 of 1st period - Shot Misses the Net.
2:43 of 1st period - Icing by Sean Walker.
2:44 of 1st period - Alexander Radulov wins face-off versus Dillon Dube in DALLAS Stars zone.
2:57 of 1st period - Shot by Marc-Edouard Vlasic.
2:57 of 1st period - Shot Misses the Net.
3:13 of 1st period - Shot by Nicklas Backstrom.
3:13 of 1st period - Stopped by Ilya Sorokin without a rebound.
3:14 of 1st period - Michael McLeod wins face-off versus Peyton Krebs in NEW YORK Islanders zone.
3:51 of 1st period - Shot by Michael McLeod.
3:51 of 1st period - Shot Blocked by Ryan Suter.
4:25 of 1st period - Shot by Erik Cernak.
4:25 of 1st period - Shot Misses the Net.
4:39 of 1st period - Minor Penalty to Nino Niederreiter for Hooking.
4:40 of 1st period - Sean Kuraly wins face-off versus Jesperi Kotkaniemi in NEW YORK Islanders zone.
7:24 of 1st period - Kirby Dach is hit by Nicklas Backstrom and loses puck.
8:31 of 1st period - Erik Cernak is hit by Jesperi Kotkaniemi and loses puck.
8:47 of 1st period - Off-side.
8:48 of 1st period - Paul Cotter wins face-off versus Dillon Dube in neutral zone.
8:55 of 1st period - Shot by Aliaksei Protas.
8:55 of 1st period - Shot Misses the Net.
8:57 of 1st period - Shot by Alexander Radulov.
8:57 of 1st period - Shot Misses the Net.
8:59 of 1st period - Shot by Aliaksei Protas.
8:59 of 1st period - Shot Misses the Net.
9:03 of 1st period - Shot by Alexander Radulov.
9:03 of 1st period - Shot Misses the Net.
9:05 of 1st period - Shot by Juuso Valimaki.
9:05 of 1st period - Shot Misses the Net.
9:07 of 1st period - Shot by Paul Cotter.
9:07 of 1st period - Stopped by Ilya Sorokin without a rebound.
9:08 of 1st period - Peyton Krebs wins face-off versus Lucas Raymond in NEW YORK Islanders zone.
9:59 of 1st period - Juuso Valimaki is hit by Dillon Dube and loses puck.
10:17 of 1st period - Nikolaj Ehlers is hit by Aliaksei Protas.
10:52 of 1st period - Brendan Gallagher is hit by Erik Cernak and loses puck.
10:57 of 1st period - Shot by Jesperi Kotkaniemi.
10:57 of 1st period - Shot Misses the Net.
12:30 of 1st period - Icing by Juuso Valimaki.
12:31 of 1st period - Kirby Dach wins face-off versus Alexander Radulov in DALLAS Stars zone.
12:48 of 1st period - Shot by Kirby Dach.
12:48 of 1st period - Stopped by Matthew Villalta without a rebound.
12:48 of 1st period - Minor Penalty to Juuso Valimaki for Holding.
12:49 of 1st period - Paul Cotter wins face-off versus Dillon Dube in DALLAS Stars zone.
13:28 of 1st period - Shot by Jacob Trouba.
13:28 of 1st period - Shot Misses the Net.
13:30 of 1st period - Shot by Dillon Dube.
13:30 of 1st period - Deflect By Lucas Raymond.
13:30 of 1st period - Goal by Lucas Raymond - DALLAS Stars : 0 - NEW YORK Islanders : 1.
13:31 of 1st period - Jesperi Kotkaniemi wins face-off versus Jesper Fast in neutral zone.
13:36 of 1st period - Sebastian D Aho is hit by Jesperi Kotkaniemi and loses puck.
14:02 of 1st period - Victor Olofsson is hit by Jesperi Kotkaniemi and loses puck.
14:12 of 1st period - Victor Olofsson is hit by Juuso Valimaki and loses puck.
14:29 of 1st period - Shot by Sean Kuraly.
14:29 of 1st period - Stopped by Matthew Villalta without a rebound.
14:30 of 1st period - Pius Suter wins face-off versus Paul Cotter in DALLAS Stars zone.
14:30 of 1st period - Pius Suter is hit by Conor Timmins.
15:39 of 1st period - Ethan Bear is hit by Marc-Edouard Vlasic and loses puck.
15:55 of 1st period - Minor Penalty to Marc-Edouard Vlasic for Roughing.
15:56 of 1st period - Sonny Milano wins face-off versus Pius Suter in DALLAS Stars zone.
16:13 of 1st period - Shot by Ethan Bear.
16:13 of 1st period - Shot Misses the Net.
16:21 of 1st period - Shot by Kirby Dach.
16:21 of 1st period - Shot Misses the Net.
16:23 of 1st period - Shot by Pius Suter.
16:23 of 1st period - Stopped by Matthew Villalta without a rebound.
16:24 of 1st period - Alexander Radulov wins face-off versus Dillon Dube in DALLAS Stars zone.
16:35 of 1st period - Shot by Jacob Trouba.
16:35 of 1st period - Stopped by Matthew Villalta with a rebound.
16:57 of 1st period - Jacob Trouba is hit by Juuso Valimaki and loses puck.
17:32 of 1st period - Shot by Pius Suter.
17:32 of 1st period - Shot Misses the Net.
17:34 of 1st period - Shot by Nikolaj Ehlers.
17:34 of 1st period - Shot Misses the Net.
17:36 of 1st period - Shot by Kirby Dach.
17:36 of 1st period - Shot Misses the Net.
17:38 of 1st period - Shot by Nikolaj Ehlers.
17:38 of 1st period - Stopped by Matthew Villalta without a rebound.
17:39 of 1st period - Paul Cotter wins face-off versus Pius Suter in DALLAS Stars zone.
17:56 of 1st period - Shot by Sean Kuraly.
17:56 of 1st period - Stopped by Matthew Villalta without a rebound.
17:57 of 1st period - Peyton Krebs wins face-off versus Michael McLeod in DALLAS Stars zone.
18:08 of 1st period - Shot by Sean Kuraly.
18:08 of 1st period - Deflect By Michael McLeod.
18:08 of 1st period - Goal by Michael McLeod - DALLAS Stars : 0 - NEW YORK Islanders : 2.
18:08 of 1st period - Carter Hart enters game.
18:09 of 1st period - Jesperi Kotkaniemi wins face-off versus Kirby Dach in neutral zone.
19:05 of 1st period - Icing by Emil Bemstrom.
19:06 of 1st period - Dillon Dube wins face-off versus Jesperi Kotkaniemi in DALLAS Stars zone.
19:25 of 1st period - Shot by Dillon Dube.
19:25 of 1st period - Stopped by Carter Hart without a rebound.
19:26 of 1st period - Peyton Krebs wins face-off versus Pius Suter in DALLAS Stars zone.
19:26 of 1st period - Ryan Suter is hit by Pius Suter and loses puck.
Goals for this period are 0 for DALLAS Stars vs 2 for NEW YORK Islanders.
Shots for this period are 2 for DALLAS Stars vs 10 for NEW YORK Islanders.

2nd period


0:01 of 2nd period - Dillon Dube wins face-off versus Peyton Krebs in neutral zone.
0:03 of 2nd period - Off-side.
0:04 of 2nd period - Peyton Krebs wins face-off versus Nino Niederreiter in neutral zone.
1:02 of 2nd period - Sebastian D Aho is hit by Peyton Krebs and loses puck.
1:29 of 2nd period - Gustav Nyquist is hit by Peyton Krebs and loses puck.
1:59 of 2nd period - Shot by Victor Olofsson.
1:59 of 2nd period - Shot Blocked by Ryan Suter.
2:01 of 2nd period - Shot by Jesper Fast.
2:01 of 2nd period - Shot Misses the Net.
2:05 of 2nd period - Shot by Victor Olofsson.
2:05 of 2nd period - Shot Misses the Net.
2:07 of 2nd period - Shot by Jesper Fast.
2:07 of 2nd period - Shot Misses the Net.
2:09 of 2nd period - Shot by Victor Olofsson.
2:09 of 2nd period - Goal by Victor Olofsson - DALLAS Stars : 0 - NEW YORK Islanders : 3.
2:10 of 2nd period - Michael McLeod wins face-off versus Jesperi Kotkaniemi in neutral zone.
2:40 of 2nd period - Emil Bemstrom is hit by Erik Cernak.
3:20 of 2nd period - Shot by Nicklas Backstrom.
3:20 of 2nd period - Goal by Nicklas Backstrom - DALLAS Stars : 1 - NEW YORK Islanders : 3.
3:21 of 2nd period - Pius Suter wins face-off versus Alexander Radulov in neutral zone.
3:23 of 2nd period - Braden Schneider is hit by Sean Walker.
3:30 of 2nd period - Pius Suter is hit by Patrik Nemeth and loses puck.
3:47 of 2nd period - Shot by Pius Suter.
3:47 of 2nd period - Shot Misses the Net.
3:49 of 2nd period - Shot by Sebastian D Aho.
3:49 of 2nd period - Stopped by Carter Hart without a rebound.
3:50 of 2nd period - Dillon Dube wins face-off versus Paul Cotter in DALLAS Stars zone.
4:17 of 2nd period - Shot by Nicklas Backstrom.
4:17 of 2nd period - Stopped by Ilya Sorokin with a rebound.
4:19 of 2nd period - Shot by Aliaksei Protas.
4:19 of 2nd period - Shot Misses the Net.
5:42 of 2nd period - Shot by Kirby Dach.
5:42 of 2nd period - Stopped by Carter Hart without a rebound.
5:43 of 2nd period - Michael McLeod wins face-off versus Peyton Krebs in DALLAS Stars zone.
5:55 of 2nd period - Sonny Milano is hit by Sebastian D Aho and loses puck.
6:27 of 2nd period - Sonny Milano is hit by Braden Schneider and loses puck.
7:25 of 2nd period - Shot by Dillon Dube.
7:25 of 2nd period - Shot Misses the Net.
7:34 of 2nd period - Icing by Patrik Nemeth.
7:35 of 2nd period - Pius Suter wins face-off versus Jesperi Kotkaniemi in DALLAS Stars zone.
7:53 of 2nd period - Lucas Raymond is hit by Conor Timmins and loses puck.
8:09 of 2nd period - Pius Suter is hit by Marc-Edouard Vlasic and loses puck.
8:19 of 2nd period - Icing by Alexander Radulov.
8:20 of 2nd period - Alexander Radulov wins face-off versus Kirby Dach in DALLAS Stars zone.
8:20 of 2nd period - Andreas Johnsson is hit by Jesper Fast and loses puck.
8:25 of 2nd period - Shot by Victor Olofsson.
8:25 of 2nd period - Stopped by Carter Hart without a rebound.
8:26 of 2nd period - Dillon Dube wins face-off versus Peyton Krebs in DALLAS Stars zone.
8:53 of 2nd period - Shot by Sonny Milano.
8:53 of 2nd period - Deflect By Peyton Krebs.
8:53 of 2nd period - Stopped by Ilya Sorokin without a rebound.
8:54 of 2nd period - Paul Cotter wins face-off versus Kirby Dach in NEW YORK Islanders zone.
9:11 of 2nd period - Shot by Jacob Trouba.
9:11 of 2nd period - Stopped by Carter Hart without a rebound.
9:12 of 2nd period - Pius Suter wins face-off versus Emil Bemstrom in DALLAS Stars zone.
9:26 of 2nd period - Shot by Ryan Suter.
9:26 of 2nd period - Stopped by Ilya Sorokin with a rebound.
9:42 of 2nd period - Shot by Emil Bemstrom.
9:42 of 2nd period - Shot Hit the Post.
10:20 of 2nd period - Peyton Krebs is hit by Jacob Trouba and loses puck.
10:44 of 2nd period - Icing by Erik Cernak.
10:45 of 2nd period - Dillon Dube wins face-off versus Paul Cotter in NEW YORK Islanders zone.
11:09 of 2nd period - Paul Cotter is hit by Nino Niederreiter.
11:24 of 2nd period - Shot by Paul Cotter.
11:24 of 2nd period - Stopped by Ilya Sorokin without a rebound.
11:25 of 2nd period - Jesperi Kotkaniemi wins face-off versus Kirby Dach in NEW YORK Islanders zone.
11:28 of 2nd period - Shot by Jesperi Kotkaniemi.
11:28 of 2nd period - Shot Blocked by Sebastian D Aho.
11:30 of 2nd period - Shot by Juuso Valimaki.
11:30 of 2nd period - Goal by Juuso Valimaki - DALLAS Stars : 2 - NEW YORK Islanders : 3.
11:31 of 2nd period - Pius Suter wins face-off versus Peyton Krebs in neutral zone.
12:07 of 2nd period - Lucas Raymond is hit by Ryan Suter and loses puck.
12:46 of 2nd period - Shot by Jesper Fast.
12:46 of 2nd period - Stopped by Carter Hart without a rebound.
12:47 of 2nd period - Alexander Radulov wins face-off versus Dillon Dube in DALLAS Stars zone.
12:52 of 2nd period - Shot by Cal Clutterbuck.
12:52 of 2nd period - Shot Misses the Net.
13:06 of 2nd period - Shot by Alexander Radulov.
13:06 of 2nd period - Stopped by Ilya Sorokin without a rebound.
13:07 of 2nd period - Kirby Dach wins face-off versus Jesperi Kotkaniemi in NEW YORK Islanders zone.
13:36 of 2nd period - Shot by Victor Olofsson.
13:36 of 2nd period - Stopped by Carter Hart without a rebound.
13:37 of 2nd period - Dillon Dube wins face-off versus Peyton Krebs in DALLAS Stars zone.
14:03 of 2nd period - Dillon Dube is hit by Juuso Valimaki and loses puck.
14:13 of 2nd period - Dillon Dube is hit by Ryan Suter.
14:29 of 2nd period - Dillon Dube is hit by Juuso Valimaki and loses puck.
15:18 of 2nd period - Emil Bemstrom is hit by Braden Schneider and loses puck.
15:58 of 2nd period - Shot by Kirby Dach.
15:58 of 2nd period - Shot Misses the Net.
16:00 of 2nd period - Shot by Jesper Fast.
16:00 of 2nd period - Stopped by Carter Hart with a rebound.
16:02 of 2nd period - Shot by Kirby Dach.
16:02 of 2nd period - Stopped by Carter Hart without a rebound.
16:03 of 2nd period - Alexander Radulov wins face-off versus Michael McLeod in DALLAS Stars zone.
16:34 of 2nd period - Shot by Cal Clutterbuck.
16:34 of 2nd period - Stopped by Ilya Sorokin with a rebound.
16:36 of 2nd period - Shot by Andreas Johnsson.
16:36 of 2nd period - Stopped by Ilya Sorokin with a rebound.
17:29 of 2nd period - Shot by Dillon Dube.
17:29 of 2nd period - Shot Blocked by Viktor Arvidsson.
17:31 of 2nd period - Shot by Jacob Trouba.
17:31 of 2nd period - Stopped by Carter Hart without a rebound.
17:32 of 2nd period - Jesperi Kotkaniemi wins face-off versus Kirby Dach in DALLAS Stars zone.
17:51 of 2nd period - Shot by Jesperi Kotkaniemi.
17:51 of 2nd period - Stopped by Ilya Sorokin without a rebound.
17:52 of 2nd period - Paul Cotter wins face-off versus Pius Suter in NEW YORK Islanders zone.
18:16 of 2nd period - Icing by Juuso Valimaki.
18:17 of 2nd period - Dillon Dube wins face-off versus Paul Cotter in DALLAS Stars zone.
18:17 of 2nd period - Jacob Trouba is hit by Juuso Valimaki and loses puck.
18:28 of 2nd period - Shot by Erik Cernak.
18:28 of 2nd period - Stopped by Carter Hart without a rebound.
18:29 of 2nd period - Kirby Dach wins face-off versus Peyton Krebs in DALLAS Stars zone.
18:29 of 2nd period - Kirby Dach is hit by Marc-Edouard Vlasic.
18:36 of 2nd period - Victor Olofsson is hit by Marc-Edouard Vlasic and loses puck.
18:48 of 2nd period - Kirby Dach is hit by Marc-Edouard Vlasic and loses puck.
18:53 of 2nd period - Shot by Victor Olofsson.
18:53 of 2nd period - Shot Blocked by Marc-Edouard Vlasic.
18:59 of 2nd period - Shot by Kirby Dach.
18:59 of 2nd period - Goal by Kirby Dach - DALLAS Stars : 2 - NEW YORK Islanders : 4.
18:59 of 2nd period - Matthew Villalta enters game.
19:00 of 2nd period - Jesperi Kotkaniemi wins face-off versus Dillon Dube in neutral zone.
19:34 of 2nd period - Shot by Brendan Gallagher.
19:34 of 2nd period - Shot Misses the Net.
19:53 of 2nd period - Brendan Gallagher is hit by Braden Schneider and loses puck.
Goals for this period are 2 for DALLAS Stars vs 2 for NEW YORK Islanders.
Shots for this period are 10 for DALLAS Stars vs 12 for NEW YORK Islanders.

3rd period


0:01 of 3rd period - Dillon Dube wins face-off versus Peyton Krebs in neutral zone.
0:09 of 3rd period - Shot by Viktor Arvidsson.
0:09 of 3rd period - Goal by Viktor Arvidsson - DALLAS Stars : 3 - NEW YORK Islanders : 4.
0:10 of 3rd period - Paul Cotter wins face-off versus Pius Suter in neutral zone.
0:21 of 3rd period - Shot by Gustav Nyquist.
0:21 of 3rd period - Stopped by Matthew Villalta without a rebound.
0:22 of 3rd period - Dillon Dube wins face-off versus Viktor Arvidsson in DALLAS Stars zone.
0:24 of 3rd period - Nino Niederreiter is hit by Juuso Valimaki and loses puck.
0:30 of 3rd period - Dillon Dube is hit by Juuso Valimaki and loses puck.
0:38 of 3rd period - Nino Niederreiter is hit by Juuso Valimaki.
0:49 of 3rd period - Nino Niederreiter is hit by Juuso Valimaki and loses puck.
1:02 of 3rd period - Shot by Nino Niederreiter.
1:02 of 3rd period - Shot Misses the Net.
1:04 of 3rd period - Shot by Sebastian D Aho.
1:04 of 3rd period - Deflect By Nino Niederreiter.
1:04 of 3rd period - Shot Blocked by Viktor Arvidsson.
2:12 of 3rd period - Victor Olofsson is hit by Alexander Radulov and loses puck.
2:51 of 3rd period - Shot by Patrik Nemeth.
2:51 of 3rd period - Shot Misses the Net.
3:00 of 3rd period - Icing by Victor Olofsson.
3:01 of 3rd period - Kirby Dach wins face-off versus Paul Cotter in NEW YORK Islanders zone.
3:17 of 3rd period - Aliaksei Protas is hit by Braden Schneider and loses puck.
3:37 of 3rd period - Aliaksei Protas is hit by Braden Schneider and loses puck.
4:21 of 3rd period - Erik Cernak is hit by Marc-Edouard Vlasic and loses puck.
4:38 of 3rd period - Shot by Lucas Raymond.
4:38 of 3rd period - Shot Misses the Net.
5:13 of 3rd period - Shot by Sean Kuraly.
5:13 of 3rd period - Deflect By Zack Kassian.
5:13 of 3rd period - Stopped by Matthew Villalta without a rebound.
5:14 of 3rd period - Kirby Dach wins face-off versus Paul Cotter in DALLAS Stars zone.
5:17 of 3rd period - Shot by Victor Olofsson.
5:17 of 3rd period - Shot Misses the Net.
5:19 of 3rd period - Shot by Sebastian D Aho.
5:19 of 3rd period - Stopped by Matthew Villalta without a rebound.
5:20 of 3rd period - Jesperi Kotkaniemi wins face-off versus Dillon Dube in DALLAS Stars zone.
5:56 of 3rd period - Shot by Brendan Gallagher.
5:56 of 3rd period - Stopped by Ilya Sorokin without a rebound.
5:57 of 3rd period - Pius Suter wins face-off versus Paul Cotter in NEW YORK Islanders zone.
6:56 of 3rd period - Shot by Jesper Fast.
6:56 of 3rd period - Shot Blocked by Patrik Nemeth.
6:58 of 3rd period - Shot by Jesper Fast.
6:58 of 3rd period - Shot Misses the Net.
7:16 of 3rd period - Shot by Jesper Fast.
7:16 of 3rd period - Stopped by Matthew Villalta without a rebound.
7:17 of 3rd period - Dillon Dube wins face-off versus Peyton Krebs in DALLAS Stars zone.
8:20 of 3rd period - Off-side.
8:21 of 3rd period - Alexander Radulov wins face-off versus Kirby Dach in neutral zone.
8:23 of 3rd period - Conor Timmins is hit by Erik Cernak and loses puck.
8:52 of 3rd period - Shot by Victor Olofsson.
8:52 of 3rd period - Stopped by Matthew Villalta without a rebound.
8:53 of 3rd period - Pius Suter wins face-off versus Jesperi Kotkaniemi in DALLAS Stars zone.
8:54 of 3rd period - Shot by Ethan Bear.
8:54 of 3rd period - Shot Misses the Net.
9:17 of 3rd period - Gustav Nyquist is hit by Juuso Valimaki and loses puck.
10:12 of 3rd period - Shot by Nikolaj Ehlers.
10:12 of 3rd period - Shot Misses the Net.
10:25 of 3rd period - Nikolaj Ehlers is hit by Juuso Valimaki and loses puck.
10:33 of 3rd period - Icing by Juuso Valimaki.
10:34 of 3rd period - Jesperi Kotkaniemi wins face-off versus Kirby Dach in DALLAS Stars zone.
10:53 of 3rd period - Shot by Jesper Fast.
10:53 of 3rd period - Stopped by Matthew Villalta without a rebound.
10:54 of 3rd period - Pius Suter wins face-off versus Alexander Radulov in DALLAS Stars zone.
10:59 of 3rd period - Shot by Lucas Raymond.
10:59 of 3rd period - Shot Misses the Net.
11:21 of 3rd period - Lucas Raymond is hit by Cal Clutterbuck and loses puck.
11:51 of 3rd period - Jacob Trouba is hit by Cal Clutterbuck and loses puck.
12:11 of 3rd period - Sonny Milano is hit by Nikolaj Ehlers and loses puck.
12:18 of 3rd period - Icing by Sonny Milano.
12:19 of 3rd period - Peyton Krebs wins face-off versus Kirby Dach in DALLAS Stars zone.
12:24 of 3rd period - Shot by Viktor Arvidsson.
12:24 of 3rd period - Shot Blocked by Jesper Fast.
12:53 of 3rd period - Shot by Jesper Fast.
12:53 of 3rd period - Deflect By Victor Olofsson.
12:53 of 3rd period - Shot Misses the Net.
13:17 of 3rd period - Icing by Sebastian D Aho.
13:18 of 3rd period - Jesperi Kotkaniemi wins face-off versus Jesper Fast in NEW YORK Islanders zone.
13:21 of 3rd period - Shot by Brendan Gallagher.
13:21 of 3rd period - Deflect By Jesperi Kotkaniemi.
13:21 of 3rd period - Shot Misses the Net.
13:23 of 3rd period - Shot by Emil Bemstrom.
13:23 of 3rd period - Deflect By Jesperi Kotkaniemi.
13:23 of 3rd period - Stopped by Ilya Sorokin without a rebound.
13:24 of 3rd period - Dillon Dube wins face-off versus Paul Cotter in NEW YORK Islanders zone.
13:51 of 3rd period - Shot by Dillon Dube.
13:51 of 3rd period - Stopped by Matthew Villalta with a rebound.
14:34 of 3rd period - Shot by Jesperi Kotkaniemi.
14:34 of 3rd period - Stopped by Ilya Sorokin without a rebound.
14:35 of 3rd period - Pius Suter wins face-off versus Peyton Krebs in NEW YORK Islanders zone.
15:13 of 3rd period - Shot by Lucas Raymond.
15:13 of 3rd period - Stopped by Matthew Villalta with a rebound.
15:44 of 3rd period - Shot by Victor Olofsson.
15:44 of 3rd period - Stopped by Matthew Villalta without a rebound.
15:45 of 3rd period - Michael McLeod wins face-off versus Jesperi Kotkaniemi in DALLAS Stars zone.
15:49 of 3rd period - Icing by Ryan Suter.
15:50 of 3rd period - Jesperi Kotkaniemi wins face-off versus Kirby Dach in DALLAS Stars zone.
16:07 of 3rd period - Shot by Jesperi Kotkaniemi.
16:07 of 3rd period - Shot Misses the Net.
16:09 of 3rd period - Shot by Jesperi Kotkaniemi.
16:09 of 3rd period - Stopped by Ilya Sorokin without a rebound.
16:10 of 3rd period - Alexander Radulov wins face-off versus Dillon Dube in NEW YORK Islanders zone.
16:10 of 3rd period - Alexander Radulov is hit by Braden Schneider.
16:15 of 3rd period - Icing by Braden Schneider.
16:16 of 3rd period - Jesperi Kotkaniemi wins face-off versus Dillon Dube in NEW YORK Islanders zone.
16:33 of 3rd period - Shot by Nino Niederreiter.
16:33 of 3rd period - Shot Misses the Net.
17:25 of 3rd period - Icing by Jacob Trouba.
17:26 of 3rd period - Pius Suter wins face-off versus Peyton Krebs in NEW YORK Islanders zone.
17:50 of 3rd period - Gustav Nyquist is hit by Peyton Krebs and loses puck.
17:54 of 3rd period - Minor Penalty to Lucas Raymond for Holding.
17:55 of 3rd period - Jesperi Kotkaniemi wins face-off versus Sean Kuraly in NEW YORK Islanders zone.
18:41 of 3rd period - Off-side.
18:42 of 3rd period - Peyton Krebs wins face-off versus Sean Kuraly in neutral zone.
18:57 of 3rd period - Shot by Peyton Krebs.
18:57 of 3rd period - Stopped by Ilya Sorokin without a rebound.
18:58 of 3rd period - Jesperi Kotkaniemi wins face-off versus Sean Kuraly in NEW YORK Islanders zone.
19:15 of 3rd period - Erik Cernak is hit by Jesperi Kotkaniemi and loses puck.
19:26 of 3rd period - Gustav Nyquist is hit by Jesperi Kotkaniemi.
19:50 of 3rd period - DALLAS Stars, Matthew Villalta is pulled from the net.
Goals for this period are 1 for DALLAS Stars vs 0 for NEW YORK Islanders.
Shots for this period are 6 for DALLAS Stars vs 9 for NEW YORK Islanders. Output by the SimonT Hockey Simulator (STHS) for Martin Benoit - Original Page W3C HTML5 Valid
Hockey Simulator - Hockey Simulation - Hockey Manager